AoeStats
← LitiumJCH

Black Forest

509397600Analyzed
4v4 RM · 7d ago on Sep 26, 2026· 50m 8s· 8 players
Game mode
Random Map
Map size
Large (8 player)
Population
200
Speed
Normal
Resources
Standard
Victory
Conquest
Starting age
Dark Age
Ending age
Imperial Age
RankedLock teamsTeams togetherTeam positionsShared explorationLock speedFull tech treeHidden civsTurbo modeCheats
Victory
Defeat
🇬🇷 Goths · Greece
931
+14
🇳🇮 Bohemians · Nicaragua
924
+14
🇲🇽 Franks · Mexico
889
+16
🇵🇪 Mongols · Peru
857
+18
🇸🇦 Magyars · Saudi Arabia
934
-17
🇮🇩 Britons · Indonesia
917
-17
🇦🇷 Vietnamese · Argentina
850
-14
🇨🇳 Bohemians · China
846
-14
★GGsorryGLnextime★
0:27 Loom
12:37 Feudal Age
17:31 Castle Age
16:18 Double-Bit Axe
18:30 Bow Saw
18:44 Stone Mining
23:09 Gold Mining
23:22 Caravan
35:27 Imperial Age
36:12 Chivalry
37:00 Conscription
37:36 Wheelbarrow
36:46 Town Watch
36:26 Cavalier
37:07 Husbandry
38:16 Forging
38:12 Scale Barding Armor
37:53 Paladin
39:53 Iron Casting
39:13 Fletching
41:42 Blast Furnace
41:20 Chain Barding Armor
49:10 Chemistry
47:51 Treadmill Crane
48:32 Ballistics
48:09 Murder Holes
48:26 Masonry
50:15 Hand Cart
50:01 Town Patrol
50:46 Plate Barding Armor
alakerman
13:12 Feudal Age
14:48 Wheelbarrow
17:55 Castle Age
16:05 Double-Bit Axe
18:33 Horse Collar
19:34 Padded Archer Armor
23:46 Heavy Plow
26:00 Gold Mining
27:16 Squires
28:01 Town Watch
28:51 Fletching
34:08 Imperial Age
31:03 Elite Skirmisher
32:41 Leather Archer Armor
32:29 Anarchy
33:03 Bodkin Arrow
34:00 Pikeman
35:39 Ring Archer Armor
36:04 Ballistics
36:53 Chemistry
37:44 Bracer
37:54 Forging
38:27 Caravan
38:30 Scale Mail Armor
39:36 Bow Saw
40:13 Masonry
40:38 Chain Mail Armor
40:55 Hand Cart
41:53 Two-Man Saw
41:32 Iron Casting
44:14 Blast Furnace
43:51 Elite Huskarl
45:45 Perfusion
46:06 Conscription
Legolas
11:44 Feudal Age
16:50 Castle Age
15:37 Double-Bit Axe
18:58 Bow Saw
24:02 Horse Collar
24:46 Heavy Plow
30:16 Imperial Age
28:54 Wheelbarrow
29:46 Chemistry
32:09 Conscription
31:24 Pikeman
32:05 Squires
33:16 Two-Man Saw
32:58 Houfnice
34:38 Halberdier
36:46 Hand Cart
37:36 Scale Mail Armor
37:47 Forging
39:35 Town Watch
39:54 Padded Archer Armor
39:45 Fletching
40:30 Iron Casting
40:11 Chain Mail Armor
40:10 Siege Engineers
42:12 Wagenburg Tactics
44:24 Town Patrol
44:10 Loom
44:59 Plate Mail Armor
45:29 Blast Furnace
44:25 Bodkin Arrow
44:46 Leather Archer Armor
48:02 Arson
48:33 Bracer
LitiumJCH
8:47 Loom
11:22 Feudal Age
14:06 Scale Barding Armor
18:08 Castle Age
16:28 Double-Bit Axe
16:39 Fletching
28:36 Bow Saw
29:11 Husbandry
29:23 Bloodlines
29:19 Horse Collar
29:38 Bodkin Arrow
29:24 Elite Skirmisher
36:31 Imperial Age
34:15 Caravan
35:35 Chain Barding Armor
38:34 Conscription
38:36 Drill
37:39 Heavy Scorpion
38:58 Onager
40:59 Chemistry
40:30 Fortified Wall
40:38 Capped Ram
42:24 Ballistics
43:15 Siege Ram
44:07 Stone Mining
44:08 Gold Mining
43:46 Light Cavalry
45:18 Heavy Camel Rider
46:19 Heavy Cavalry Archer
47:24 Parthian Tactics
CrazyWolf
11:53 Feudal Age
12:28 Double-Bit Axe
14:41 Horse Collar
21:21 Castle Age
19:17 Stone Mining
19:19 Gold Mining
22:19 Bow Saw
22:10 Heavy Plow
22:35 Caravan
29:27 Loom
30:27 Town Watch
31:19 Wheelbarrow
33:58 Imperial Age
32:50 Wheelbarrow
32:23 Corvinian Army
32:37 Scale Barding Armor
33:40 Chain Barding Armor
33:13 Fletching
33:37 Treadmill Crane
33:52 Murder Holes
34:19 Ballistics
34:55 Hand Cart
35:22 Plate Barding Armor
35:16 Conscription
37:33 Fletching
41:44 Husbandry
41:59 Bloodlines
RUDOLF
0:30 Loom
12:05 Feudal Age
16:38 Castle Age
14:57 Stone Mining
16:20 Double-Bit Axe
16:27 Gold Mining
16:27 Horse Collar
18:15 Wheelbarrow
25:37 Caravan
28:07 Heavy Plow
28:50 Bow Saw
35:05 Imperial Age
35:14 Imperial Age
32:30 Crossbowman
33:05 Fletching
33:48 Bodkin Arrow
33:54 Padded Archer Armor
33:17 Elite Skirmisher
35:06 Thumb Ring
35:39 Hand Cart
35:10 Town Watch
35:44 Leather Archer Armor
36:01 Arbalester
36:03 Imperial Skirmisher
37:08 Arbalester
37:09 Imperial Skirmisher
38:14 Ballistics
38:06 Masonry
38:57 Chemistry
38:03 Bracer
38:34 Ring Archer Armor
McPai
0:46 Loom
11:14 Feudal Age
20:31 Castle Age
19:49 Horse Collar
21:02 Pikeman
21:04 Elite Skirmisher
22:00 Heavy Plow
21:48 Double-Bit Axe
22:41 Squires
24:25 Fletching
27:10 Bow Saw
29:20 Bodkin Arrow
29:49 Ballistics
33:44 Imperial Age
32:20 Forging
32:22 Caravan
34:08 Iron Casting
34:57 Conscription
34:42 Bracer
36:35 Yeomen
36:42 Gold Mining
39:35 Blast Furnace
39:17 Elite Longbowman
40:46 Gold Shaft Mining
40:17 Padded Archer Armor
41:45 Leather Archer Armor
42:55 Chemistry
41:38 Imperial Skirmisher
1829032
3:33 Loom
11:43 Feudal Age
12:37 Double-Bit Axe
12:53 Horse Collar
18:36 Castle Age
20:10 Wheelbarrow
20:32 Bow Saw
25:22 Imperial Age
25:36 Imperial Age
23:28 Forging
24:00 Town Watch
24:50 Heavy Plow
25:52 Fletching
28:04 Coinage
27:36 Caravan
28:56 Scale Mail Armor
30:30 Chemistry
30:37 Conscription
30:46 Padded Archer Armor
30:48 Murder Holes
31:13 Pikeman
31:56 Squires
32:15 Chain Mail Armor
33:39 Hand Cart
33:19 Elite Skirmisher
33:58 Bodkin Arrow
34:38 Halberdier
35:50 Ballistics
35:41 Masonry
36:09 Town Patrol
37:26 Imperial Skirmisher
39:39 Wagenburg Tactics
41:27 Plate Mail Armor
42:35 Iron Casting
45:47 Bracer
Connection lost

Rejoining the realm…

Still unreachable

The connection could not be restored.

Session expired

The server has moved on; the page needs a fresh start.